AoeStats
← Sir Rossy

Arena

504184017Analyzed
3v3 RM · 29d ago on Sep 4, 2026· 23m 52s· 6 players
Game mode
Random Map
Map size
Normal (6 player)
Population
200
Speed
Normal
Resources
Standard
Victory
Conquest
Starting age
Dark Age
Ending age
Imperial Age
RankedLock teamsTeams togetherTeam positionsShared explorationLock speedFull tech treeHidden civsTurbo modeCheats
Victory
Defeat
🇨🇳 Bulgarians · China
1081
+9
🇨🇳 Shu · China
994
+13
🇨🇳 Chinese · China
709
+26
🇦🇺 Turks · Australia
976
-18
🇦🇺 Franks · Australia
958
-17
🇦🇺 Huns · Australia
856
-13
梁山
0:53 Loom
9:58 Feudal Age
11:02 Double-Bit Axe
11:02 Horse Collar
14:27 Gold Mining
20:56 Castle Age
22:56 Heavy Plow
_TY_梦涯
5:22 Loom
9:18 Feudal Age
7:35 Loom
8:26 Loom
11:37 Double-Bit Axe
14:14 Castle Age
12:58 Horse Collar
15:48 Bow Saw
2234HAL
11:04 Feudal Age
12:28 Double-Bit Axe
12:24 Horse Collar
15:20 Castle Age
15:47 Gold Mining
17:16 Bow Saw
17:47 Loom
18:43 Wheelbarrow
18:55 Pikeman
21:23 Gold Shaft Mining
22:19 Fletching
22:32 Padded Archer Armor
24:02 Forging
23:54 Scale Mail Armor
Rossy-Coke
7:13 Loom
9:41 Feudal Age
10:12 Horse Collar
10:19 Double-Bit Axe
20:44 Castle Age
colorfulj
12:54 Feudal Age
13:21 Double-Bit Axe
14:43 Wheelbarrow
20:13 Castle Age
Sir Rossy
0:29 Loom
11:41 Feudal Age
14:06 Double-Bit Axe
17:10 Castle Age
15:34 Loom
17:11 Horse Collar
18:07 Gold Mining
21:35 Bloodlines
21:26 Husbandry
23:02 Marauders
23:46 Fletching
Connection lost

Rejoining the realm…

Still unreachable

The connection could not be restored.

Session expired

The server has moved on; the page needs a fresh start.